 Dungeon Crawl Stone Soup version 0.27.1-33-g824d729ab1 (webtiles) character file.

Game seed: 13037266265888656044

105 potato4science the Sneak (level 4, -4/28 HPs)
             Began as an Octopode Hedge Wizard on Dec 17, 2021.
             Splashed by Ijyb's acid (8 damage)
             ... on level 3 of the Dungeon.
             The game lasted 00:16:09 (3321 turns).

potato4science the Sneak (Octopode Hedge Wizard)    Turns: 3321, Time: 00:16:12

Health: -4/28      AC:  1    Str:  9    XL:     4   Next: 83%
Magic:  8/8        EV: 12    Int: 17    God:
Gold:   26         SH:  8    Dex: 11    Spells: 6/9 levels left

rFire    . . .     SeeInvis +   a - +0 dagger
rCold    . . .     Faith    .   r - +0 buckler
rNeg     + . .     Spirit   .   q - +0 hat
rPois    .         Reflect  +   e - amulet of reflection
rElec    .         Harm     .   d - ring of wizardry
rCorr    .         Rampage  .   h - ring of see invisible
Will     .....                  i - ring of positive energy
Stlth    ++++......             (no ring)
HPRegen  0.09/turn              (no ring)
MPRegen  0.11/turn              (no ring)
                                (no ring)
                                (no ring)

@: no status effects
A: almost no armour, amphibious, 8 rings, camouflage 1, gelatinous body 1,
(nimble swimmer 1), tentacles
a: no special abilities


You were on level 3 of the Dungeon.
You visited 1 branch of the dungeon, and saw 3 of its levels.

You collected 26 gold pieces.

Inventory:

Hand Weapons
 a - a +0 dagger (weapon)
Armour
 q - a +0 hat (worn)
 r - a +0 buckler (worn)
Magical Staves
 b - a staff of conjuration
Jewellery
 d - a ring of wizardry (left tentacle)
 e - an amulet of reflection (around mantle)
 h - a ring of see invisible (right tentacle)
 i - a ring of positive energy (on tentacle)
Scrolls
 c - 2 scrolls of teleportation {unknown}
 g - a scroll of torment {unknown}
 j - a scroll of brand weapon {unknown}
 k - a scroll of noise {unknown}
 l - 2 scrolls of identify {unknown}
 n - a scroll of blinking {unknown}
 o - a scroll of fear {unknown}
Potions
 f - a potion of haste {unknown}
 m - a potion of mutation {unknown}
 p - a potion of cancellation {unknown}


   Skills:
 - Level 1.0 Fighting
 - Level 1.0 Short Blades
 - Level 2.0 Dodging
 + Level 6.3 Stealth
 * Level 0.1 Shields
 - Level 3.0 Spellcasting
 - Level 1.0 Conjurations
 - Level 1.0 Summonings
 - Level 1.0 Translocations


You had 6 spell levels left.
You knew the following spells:

 Your Spells              Type           Power      Damage    Failure   Level
a - Magic Dart            Conj           20%        1d4       8%          1
b - Blink                 Tloc           N/A        N/A       12%         2

Your spell library contained the following spells:

 Spells                   Type           Power      Damage    Failure   Level
 Call Imp                 Summ           5%         N/A       12%         2
 Slow                     Hex            2%         N/A       16%         2
 Conjure Flame            Conj/Fire      4%         6-21      26%         3
 Mephitic Cloud           Conj/Pois/Air  3%         N/A       28%         3
 Ignite Poison            Fire/Tmut/Pois 2%         N/A       32%         3
 Bolt of Magma            Conj/Fire/Erth 1%         4d4       92%         5


Dungeon Overview and Level Annotations

Branches:
Dungeon (3/15)

Altars:

Annotations:
D:3 Ijyb, Sigmund


Innate Abilities, Weirdness & Mutations

You cannot wear most types of armour.
You are amphibious.
You can wear up to eight rings at the same time.
Your skin changes colour to match your surroundings (Stealth+).
Your rubbery body absorbs attacks. (AC +1, EV +1)
((You are camouflaged near water. (Stealth+)))
You have tentacles for arms and can constrict up to eight enemies at once.


Message History

Aiming: Magic Dart (safe; 8% risk of failure)
Press: ? - help, Q - select action, (/) - cycle Shift-Dir - straight line, f/p - hobgoblin
Aim: a hobgoblin (severely wounded, 100% to hit)
You feel a surge of power!
The magic dart hits the hobgoblin but does no damage.
The hobgoblin is severely wounded.
a - a +0 dagger (weapon)
You barely miss the hobgoblin. You grab the hobgoblin.
The hobgoblin is severely wounded.
You constrict the hobgoblin.
You kill the hobgoblin!
You start resting.
Magic restored.
You see here a hobgoblin corpse.
An orc comes into view. It is wielding a +0 dagger.
Found a leather armour.
The helpless orc fails to defend itself.
You impale the orc!!
You kill the orc!
Things that are here:
a +0 dagger; a +0 leather armour; an orc corpse Ijyb the Twisted Goblin comes into view.
She is wielding a +0 club and carrying a wand of acid (6).
The helpless Ijyb fails to defend herself.
You puncture Ijyb! Your grab misses Ijyb.
Ijyb is severely wounded.
Ijyb hits you with a +0 club.
You barely miss Ijyb. You grab Ijyb.
Ijyb is severely wounded.
You constrict Ijyb, but do no damage. Ijyb closely misses you.
You hit Ijyb but do no damage.
Ijyb is severely wounded.
You constrict Ijyb, but do no damage. Ijyb barely misses you.
You hit Ijyb but do no damage. Your squeeze misses Ijyb.
Ijyb is severely wounded.
You constrict Ijyb, but do no damage.
Ijyb zaps a wand.
The bolt of acid hits you!!
Ouch! That really hurt!
* * * LOW HITPOINT WARNING * * *
You are splashed with acid!
You die...

# # # # #. # ##. #
########## #.. # #..(.....#
#.# .. . #...<....# #g###
.#. .. #...)....# #@..###...
### #......$.#######......#
####.##...............# #
#.# ##.###.....###.####.##
#.# #................#...
#.# ############..#......##
#.# #####..#....... #.#
########..........#...
#.####........####..##....##


You could see Ijyb.

Vanquished Creatures
  An adder (D:2)
  3 gnolls (D:2)
  4 dart slugs
  5 orcs
  3 ball pythons (D:1)
  2 endoplasms (D:1)
  3 goblins
  6 hobgoblins
  5 jackals (D:1)
  7 kobolds
  2 quokkas (D:2)
  3 bats
  3 frilled lizards
  5 rats
52 creatures vanquished.

Notes
Turn   | Place    | Note
-------+----------+-------------------------------------------
     0 | D:1      | potato4science the Octopode Hedge Wizard began the quest
                  | for the Orb.
     0 | D:1      | Reached XP level 1. HP: 11/11 MP: 4/4
    81 | D:1      | Reached skill level 3 in Stealth
   154 | D:1      | Reached XP level 2. HP: 17/17 MP: 3/6
   225 | D:1      | Reached skill level 4 in Stealth
   620 | D:1      | Reached skill level 1 in Short Blades
   711 | D:1      | Learned a level 2 spell: Blink
   765 | D:1      | Reached skill level 1 in Fighting
   772 | D:1      | Reached XP level 3. HP: 14/23 MP: 3/7
  1712 | D:2      | Reached skill level 5 in Stealth
  1991 | D:2      | Reached XP level 4. HP: 16/28 MP: 6/8
  2157 | D:2      | Reached skill level 6 in Stealth
  2910 | D:3      | Noticed a sky beast
  3141 | D:3      | Noticed Sigmund
  3309 | D:3      | Noticed Ijyb
  3321 | D:3      | Splashed by Ijyb's acid

Illustrated notes

Levels and vault maps discovered:
D:1:      heliophobic_arrival_henge, layout_basic
D:2:      layout_basic
D:3:      layout_rooms, hellmonk_ecumenical_altar_lost_god, uniq_ijyb,
          uniq_sigmund

Skill      XL: |  1  2  3  4 |
---------------+-------------+-----
Stealth        | 3 4 5 6 |  6.3
Short Blades   | 1 |  1.0
Fighting       | 1 |  1.0
Dodging        | |  2.0
Shields        | |  0.1
Spellcasting   | |  3.0
Conjurations   | |  1.0
Summonings     | |  1.0
Translocations | |  1.0

Action                   |  1- 3 |  4- 6 || total
-------------------------+-------+-------++-------
Melee: Dagger            |    62 |    32 ||    94
       Tentacles         |    16 |     3 ||    19
       Constrict         |    10 |     7 ||    17
 Cast: Magic Dart        |    39 |    22 ||    61
 Stab: Sleeping          |    10 |     6 ||    16
Armor: Skin              |     1 |     1 ||     2
Dodge: Dodged            |    27 |    18 ||    45
Block: Other             |    12 |     8 ||    20
       Buckler           |       |     1 ||     1
